 Dungeon Crawl Stone Soup version 0.30.1-11-g7821555f0a (webtiles) character file.

Game seed: 11515990409458647786

4 KyoPewz the Vexing (level 1, -2/8 HPs)
             Began as a Felid Enchanter on Jan 2, 2024.
             Slain by a jackal (3 damage)
             ... on level 1 of the Dungeon.
             The game lasted 00:00:43 (149 turns).

KyoPewz the Vexing (Felid Enchanter)                 Turns: 149, Time: 00:00:43

Health: -2/8       AC:  1    Str:  4    XL:     1   Next: 58%
Magic:  4/4        EV: 17    Int: 16    God:
Gold:   0          SH:  0    Dex: 16    Spells: 4/4 levels left
                                        Lives:  0   Deaths: 0

rFire   . .          .
                       - Unarmed
rCold   . . .        (shield unavailable)
rNeg    . . .        (body armour unavailable)
rPois   .            (helmet unavailable)
rElec   .            (cloak unavailable)
rCorr   .            (gloves unavailable)
SInv    +            (boots unavailable)
Will    .....        (no amulet)
Stlth   +++          (no ring)
HPRegen 0.21/turn    (no ring)
MPRegen 0.09/turn

%: no passive effects
@: quick
A: very small, claws 1, fangs 3, see invisible, speed 1, shaggy fur 1, stealthy
paws, no weapons or thrown items, no armour, multi-lived
a: no special abilities


You were on level 1 of the Dungeon.
You visited 1 branch of the dungeon, and saw 1 of its levels.

Inventory:

Potions
 a - 2 potions of invisibility


   Skills:
 + Level 0.7 Fighting
 - Level 2.6 Dodging
 - Level 4.0 Stealth
 + Level 1.3 Unarmed Combat
 - Level 2.0 Spellcasting
 - Level 4.4 Hexes


You had 4 spell levels left.
You didn't know any spells.
Your spell library contained the following spells:

 Spells                   Type           Power      Damage    Failure   Level
 Confusing Touch          Hex            15%        N/A       11%         3
 Tukima's Dance           Hex            15%        N/A       11%         3
 Ensorcelled Hibernation  Hex/Ice        16%        N/A       13%         2
 Dazzling Flash           Conj/Hex       16%        N/A       26%         3


Dungeon Overview and Level Annotations

Branches:
Dungeon (1/15)

Altars:


Innate Abilities, Weirdness & Mutations

You have sharp claws.
You have razor-sharp teeth.
You have supernaturally acute eyesight. (SInv)
You cover ground quickly. (Speed+)
You are covered in fur. (AC +1)
Your paws help you pounce on unaware monsters.
You are incapable of wielding weapons or throwing items.
You cannot wear armour.
You gain extra lives every three experience levels.


Message History

You scratch the jackal. You bite the jackal.
The jackal is severely wounded.
You scratch the jackal but do no damage.
You bite the jackal, but do no damage.
The jackal is severely wounded.
The jackal closely misses you. The jackal barely misses you.
Health restored: 8 You closely miss the jackal.
The jackal is severely wounded.
The jackal misses you.
You scratch the jackal.
You kill the jackal!
You barely miss the jackal.
The jackal is moderately wounded.
The jackal closely misses you. The jackal misses you.
You scratch the jackal but do no damage.
The jackal is moderately wounded.
The jackal closely misses you.
You scratch the jackal.
The jackal is heavily wounded.
The jackal bites you.
You take 3 damage, and have 5/8 hp.
MASSIVE DAMAGE!!
You closely miss the jackal.
The jackal is heavily wounded.
The jackal closely misses you. The jackal completely misses you.
You closely miss the jackal. Your bite misses the jackal.
The jackal is heavily wounded.
The jackal bites you.
* * * LOW HITPOINT WARNING * * *
You take 3 damage, and have 2/8 hp.
MASSIVE DAMAGE!!
The jackal attacks as you move away! The jackal barely misses you.
You see here a +0 club.
The jackal attacks as you move away!
The jackal bites you but does no damage.
The jackal attacks as you move away! The jackal bites you.
* * * LOW HITPOINT WARNING * * *
You take 2 damage, and have 1/8 hp.
MASSIVE DAMAGE!!
The jackal attacks as you move away! The jackal misses you.
The jackal bites you.
You die...

..........)..>.##
................##
###############..#
~~~~~~~☼~##.# #
~~~~~~~÷~~#.# #~
#~~○~#°~~#.#
#~~~~~~~~~○~#.#
#~~~ ~~~~~~~#.#
############@#
+....<....'.h#
############h#
#~~~ ~~~~~○~#.#
#~~~~~~~~~÷~#.# #~
#~~~~#~~~#.# #
°~~~~~~~~~#r#
~~~~~~~~~##.#
###########.#


You could see 2 jackals and a rat.

Vanquished Creatures
  A ball python (D:1)
  A jackal (D:1)
  A kobold (D:1)
  A rat (D:1)
4 creatures vanquished.

Notes
Turn   | Place    | Note
-------+----------+-------------------------------------------
     0 | D:1      | KyoPewz the Felid Enchanter began the quest for the Orb.
     0 | D:1      | Reached XP level 1. HP: 7/7 MP: 4/4
   149 | D:1      | Slain by a jackal

Illustrated notes

Levels and vault maps discovered:
D:1:      saegor_arrival_miasma, layout_basic, minmay_strange_pillars

Action                     || total
---------------------------++-------
  Melee: Unarmed           ||    24
         Bite              ||     2
 Armour: Skin              ||     1
  Dodge: Dodged            ||    25
